AoeStats
← {WaZzU'P} Recluta4!

Arabia

504117132Analyzed
4v4 RM · 29d ago on Sep 4, 2026· 55m 30s· 8 players
Game mode
Random Map
Map size
Large (8 player)
Population
200
Speed
Normal
Resources
Standard
Victory
Conquest
Starting age
Dark Age
Ending age
Imperial Age
RankedLock teamsTeams togetherTeam positionsShared explorationLock speedFull tech treeHidden civsTurbo modeCheats
Victory
Defeat
🇦🇷 Ethiopians · Argentina
1201
+13
🇦🇷 Mongols · Argentina
1155
+15
🇦🇷 Vikings · Argentina
1152
+15
🇧🇷 Slavs · Brazil
1092
+18
🇺🇸 Chinese · United States
1187
-17
🇨🇳 Cumans · China
1138
-15
🇨🇴 Britons · Colombia
1129
-15
🇨🇭 Khmer · Switzerland
1113
-14
CyMi
5:53 Loom
9:46 Feudal Age
10:23 Double-Bit Axe
14:37 Fletching
18:40 Padded Archer Armor
28:40 Castle Age
28:44 Elite Skirmisher
30:17 Gold Mining
30:38 Bow Saw
31:26 Bodkin Arrow
33:58 Wheelbarrow
35:30 Leather Archer Armor
35:27 Masonry
36:41 Town Watch
40:02 Ballistics
39:38 Murder Holes
43:59 Imperial Age
46:45 Chemistry
49:10 Crossbowman
51:15 Hand Cart
53:48 Arbalester
53:54 Arbalester
{WaZzU'P} Recluta4!
0:46 Loom
12:48 Feudal Age
17:52 Castle Age
16:58 Double-Bit Axe
17:28 Padded Archer Armor
17:45 Fletching
18:45 Bodkin Arrow
19:58 Town Watch
21:17 Wheelbarrow
21:37 Ballistics
22:08 Crossbowman
22:58 Horse Collar
28:49 Thumb Ring
29:18 Gold Mining
31:50 Leather Archer Armor
33:43 Bow Saw
34:17 Town Patrol
34:41 Hand Cart
37:47 Imperial Age
36:14 Gold Shaft Mining
38:46 Bracer
38:07 Arbalester
39:18 Ring Archer Armor
39:49 Chemistry
40:15 Masonry
42:17 Two-Man Saw
43:55 Heavy Scorpion
45:23 Architecture
44:20 Capped Ram
46:10 Siege Ram
49:53 Rocketry
{WaZzU'P} GranPolo
3:21 Loom
10:18 Feudal Age
10:53 Man-at-Arms
18:56 Castle Age
17:41 Double-Bit Axe
20:03 Bow Saw
28:16 Wheelbarrow
27:26 Town Watch
28:11 Horse Collar
30:33 Hand Cart
31:32 Gold Mining
32:52 Town Patrol
33:45 Fletching
37:53 Imperial Age
39:57 Stone Mining
40:15 Heavy Plow
40:58 Forging
40:53 Scale Barding Armor
40:43 Elite Battle Elephant
41:51 Bloodlines
41:41 Husbandry
42:32 Crop Rotation
44:38 Iron Casting
45:20 Gold Shaft Mining
44:29 Capped Ram
46:38 Blast Furnace
46:56 Chain Barding Armor
48:20 Light Cavalry
50:16 Hussar
56:04 Plate Barding Armor
非洲人林某
13:02 Feudal Age
11:21 Loom
13:49 Double-Bit Axe
22:15 Castle Age
20:33 Loom
21:08 Horse Collar
23:54 Bow Saw
25:15 Bloodlines
25:56 Capped Ram
31:43 Scale Barding Armor
32:15 Forging
34:55 Iron Casting
35:22 Chain Barding Armor
35:08 Steppe Husbandry
38:00 Heavy Plow
37:54 Town Watch
38:47 Wheelbarrow
44:18 Imperial Age
41:51 Gold Mining
45:48 Plate Barding Armor
46:14 Blast Furnace
50:19 Elite Steppe Lancer
52:44 Cavalier
56:01 Two-Man Saw
Capiango2.0
10:56 Feudal Age
14:32 Castle Age
13:01 Double-Bit Axe
13:15 Loom
15:22 Horse Collar
28:16 Bow Saw
29:03 Wheelbarrow
28:31 Heavy Plow
28:38 Town Watch
33:42 Imperial Age
31:28 Hand Cart
31:19 Fletching
31:36 Town Patrol
32:17 Scale Mail Armor
33:22 Forging
33:28 Chain Mail Armor
33:23 Forging
33:28 Chain Mail Armor
34:02 Royal Heirs
33:46 Elite Shotel Warrior
35:35 Two-Man Saw
34:59 Conscription
38:59 Plate Mail Armor
39:05 Iron Casting
39:40 Torsion Engines
41:16 Chemistry
40:22 Siege Engineers
40:39 Ballistics
40:40 Onager
42:01 Siege Onager
42:48 Bodkin Arrow
44:26 Blast Furnace
44:03 Siege Engineers
44:45 Halberdier
45:26 Squires
46:17 Heavy Scorpion
47:18 Bracer
49:23 Capped Ram
52:21 Siege Ram
FeHZappa
3:36 Loom
10:01 Feudal Age
12:45 Double-Bit Axe
17:05 Horse Collar
18:24 Fletching
28:21 Castle Age
27:54 Gold Mining
28:14 Stone Mining
29:01 Padded Archer Armor
29:06 Crossbowman
30:32 Scale Barding Armor
31:56 Chain Barding Armor
35:31 Wheelbarrow
37:26 Heavy Plow
37:44 Bow Saw
37:38 Town Watch
39:01 Bodkin Arrow
41:56 Hand Cart
43:24 Gold Shaft Mining
46:41 Imperial Age
45:47 Forging
47:55 Iron Casting
47:39 Bloodlines
47:30 Husbandry
47:46 Elite Boyar
48:54 Conscription
48:45 Caravan
49:16 Coinage
52:04 Detinets
55:38 Banking
Matias
9:50 Loom
13:15 Feudal Age
16:56 Castle Age
15:16 Double-Bit Axe
16:29 Horse Collar
16:52 Gold Mining
28:46 Imperial Age
26:06 Man-at-Arms
26:31 Gambesons
26:49 Scale Mail Armor
27:21 Squires
27:37 Forging
27:48 Long Swordsman
28:47 Chain Mail Armor
29:07 Iron Casting
29:30 Two-Handed Swordsman
32:17 Plate Mail Armor
32:22 Iron Casting
34:07 Champion
34:33 Arson
37:01 Iron Casting
49:45 Pikeman
51:28 Blast Furnace
53:03 Bow Saw
55:13 Caravan
Jefe ToroFumado
6:00 Loom
9:11 Feudal Age
9:59 Double-Bit Axe
14:52 Horse Collar
20:58 Castle Age
21:13 Bloodlines
20:55 Gold Mining
21:26 Scale Barding Armor
22:42 Bow Saw
27:00 Heavy Plow
36:32 Town Watch
42:48 Fletching
44:48 Wheelbarrow
46:06 Pikeman
49:05 Fervor
52:16 Hand Cart
57:40 Imperial Age
Connection lost

Rejoining the realm…

Still unreachable

The connection could not be restored.

Session expired

The server has moved on; the page needs a fresh start.